 Dungeon Crawl Stone Soup version 0.23.2-30-g0e89c35649 (webtiles) character file.

Game seed: 12427321403255080820

291954 trolface1997 the Bludgeoner (level 21, -7/132 HPs)
             Began as a Gargoyle Warper on June 17, 2019.
             Was the Champion of Qazlal.
             Hit by a large rock thrown by a stone giant (34 damage)
             ... on level 5 of the Vaults on June 19, 2019.
             The game lasted 05:32:22 (55385 turns).

trolface1997 the Bludgeoner (Gargoyle Warper)      Turns: 55385, Time: 05:32:22

Health: -7/132     AC: 41    Str: 27    XL:     21   Next: 17%
Magic:  32/36      EV:  9    Int: 26    God:    Qazlal [******]
Gold:   692        SH: 15    Dex: 10    Spells: 6/43 levels left

rFire    + . .     SeeInvis +   a - +5 eveningstar
rCold    + . .     Gourm    .   N - +2 buckler
rNeg     + + .     Faith    .   g - +4 scale mail of the Eternal Void {Str+2 Int+4}
rPois    ∞         Spirit   .   O - +2 helmet {SInv}
rElec    +         Reflect  .   p - +2 cloak {MR+}
rCorr    +         Harm     .   l - +0 pair of gloves of the Ladybird {rF+ MR+ rCorr Str+3}
MR       ++++.                  q - +0 pair of boots of Indomitability {rPois rC+ Stlth+}
Stlth    +.........             L - amulet of regeneration
HPRegen  0.72/turn              R - ring "Vesah" {rN+ MR+ Int+4}
MPRegen  0.25/turn              V - +4 ring of strength

@: protected from physical damage, constricted, repel missiles
A: big wings, blurry vision 1, deterioration 1, negative energy resistance 1,
electricity resistance, weak 1, unbreathing, petrification resistance, rot
immunity, AC +16
}: 1/15 runes: gossamer
a: Fly, Upheaval, Elemental Force, Disaster Area, Renounce Religion


You were on level 5 of the Vaults.
You worshipped Qazlal.
Qazlal was exalted by your worship.
You were not hungry.

You visited 8 branches of the dungeon, and saw 35 of its levels.
You also visited: Gauntlet.

You collected 4452 gold pieces.
You spent 3760 gold pieces at shops.

Inventory:

Hand Weapons
 a - a +5 eveningstar (weapon)
 b - a +2 hand crossbow of flaming
 T - a +2 arbalest of freezing
 U - a +3 dire flail of holy wrath
 Y - a +0 demon whip
Missiles
 e - 1468 bolts
 h - 1059 stones (quivered)
Armour
 g - the +4 scale mail of the Eternal Void (worn) {Str+2 Int+4}
   (You found it on level 6 of the Lair of Beasts)

   It affects your strength (+2).
   It affects your intelligence (+4).
 i - a +2 large shield of reflection
 k - a +2 shield
 l - the +0 pair of gloves of the Ladybird (worn) {rF+ MR+ rCorr Str+3}
   (You found it in a Gauntlet)

   It affects your strength (+3).
   It protects you from fire.
   It affects your resistance to hostile enchantments.
   It provides partial protection from all sources of acid and corrosion.
 p - a +2 cloak of magic resistance (worn)
 q - the +0 pair of boots of Indomitability (worn) {rPois rC+ Stlth+}
   (You found it on level 13 of the Dungeon)

   It protects you from cold.
   It protects you from poison.
   It makes you more stealthy.
 G - a +2 scale mail of fire resistance
 M - the +1 helmet "Kothe" {Str+3}
   (You found it in a Gauntlet)

   It affects your strength (+3).
 N - a +2 buckler (worn)
 O - a +2 helmet of see invisible (worn)
Jewellery
 s - an uncursed ring of see invisible
 t - a +2 ring of evasion
 v - an uncursed ring of protection from fire
 L - an amulet of regeneration (around neck)
 Q - a +5 ring of protection
 R - the ring "Vesah" (left hand) {rN+ MR+ Int+4}
   (You found it on level 3 of the Spider Nest)

   [ring of intelligence]

   It affects your intelligence (+4).
   It protects you from negative energy.
   It affects your resistance to hostile enchantments.
 V - a +4 ring of strength (right hand)
Scrolls
 c - 4 scrolls of enchant weapon
 d - a scroll of blinking
 j - 18 scrolls of teleportation
 r - a scroll of summoning
 y - 3 scrolls of enchant armour
 A - 2 scrolls of fog
 B - 9 scrolls of magic mapping
 C - 8 scrolls of identify
 F - 9 scrolls of remove curse
 J - a scroll of silence
 W - 4 scrolls of amnesia
Potions
 m - 2 potions of cancellation
 n - 3 potions of curing
 o - a potion of berserk rage
 u - 4 potions of might
 w - 8 potions of agility
 x - 6 potions of invisibility
 z - 5 potions of lignification
 E - 3 potions of ambrosia
 H - 3 potions of magic
 I - 12 potions of mutation
 P - 8 potions of brilliance
 S - 3 potions of heal wounds
 Z - 3 potions of haste
Comestibles
 f - 47 rations


   Skills:
 - Level 14.0 Fighting
 - Level 16.0 Maces & Flails
 - Level 10.0 Crossbows
 - Level 0.8 Throwing
 - Level 10.0 Armour
 - Level 5.0 Dodging
 + Level 7.3 Shields
 + Level 11.8 Spellcasting
 - Level 12.0 Conjurations
 - Level 8.0 Charms
 - Level 8.0 Necromancy
 - Level 12.0 Translocations
 - Level 5.0 Fire Magic
 - Level 5.1 Ice Magic
 + Level 8.0 Air Magic
 - Level 5.0 Poison Magic
 - Level 6.0 Invocations
   Level 2.3 Evocations


You had 6 spell levels left.
You knew the following spells:

 Your Spells              Type           Power        Failure   Level  Hunger
a - Blink                 Tloc           N/A          1%          2    None
b - Shroud of Golubria    Chrm/Tloc      ######....   1%          2    None
c - Gell's Gravitas       Tloc           ######....   1%          3    None
d - Lesser Beckoning      Tloc           ######....   1%          3    None
e - Force Lance           Conj/Tloc      ######..     1%          4    None
f - Regeneration          Chrm/Necr      ######....   1%          3    None
g - Animate Dead          Necr           N/A          2%          4    None
h - Mephitic Cloud        Conj/Pois/Air  ######..     1%          3    None
i - Freezing Cloud        Conj/Ice/Air   ######....   34%         6    #####..
j - Ring of Flames        Chrm/Fire      #####.....   99%         7    ######.

Your spell library contained the following spells:

 Spells                   Type           Power        Failure   Level  Hunger
 Animate Skeleton         Necr           N/A          1%          1    None
 Magic Dart               Conj           ####         1%          1    None
 Pain                     Necr           ####         1%          1    None
 Shock                    Conj/Air       ####         1%          1    None
 Poisonous Vapours        Pois/Air       #####.       1%          2    None
 Searing Ray              Conj           ######       1%          2    None
 Swiftness                Chrm/Air       ######..     1%          2    None
 Conjure Flame            Conj/Fire      ######..     1%          3    None
 Dazzling Spray           Conj/Hex       #####.       1%          3    None
 Static Discharge         Conj/Air       ######..     1%          3    None
 Stone Arrow              Conj/Erth      #####.       1%          3    None
 Teleport Other           Tloc           ######..     1%          3    None
 Vampiric Draining        Necr           ######....   1%          3    None
 Iskenderun's Mystic Bla  Conj           ######..     1%          4    None
 Passage of Golubria      Tloc           N/A          1%          4    None
 Airstrike                Air            ######....   2%          4    None
 Ensorcelled Hibernation  Hex/Ice        ####..       3%          2    None
 Iskenderun's Battlesphe  Conj/Chrm      ######..     3%          5    ###....
 Lightning Bolt           Conj/Air       ######....   3%          5    ###....
 Fulminant Prism          Conj/Hex       #####.....   6%          4    None
 Venom Bolt               Conj/Pois      ######....   6%          5    ###....
 Beastly Appendage        Tmut           ###...       8%          1    None
 Corona                   Hex            ###....      8%          1    None
 Sandblast                Erth           ###...       8%          1    None
 Summon Butterflies       Summ           ###.....     8%          1    None
 Summon Small Mammal      Summ           ###.         8%          1    None
 Spider Form              Tmut/Pois      ####......   8%          3    None
 Call Imp                 Summ           ###.....     11%         2    None
 Passwall                 Tmut/Erth      ###.....     11%         2    None
 Slow                     Hex            ###.....     11%         2    None
 Sticks to Snakes         Tmut           ###.....     11%         2    None
 Summon Lightning Spire   Summ/Air       #####...     14%         4    None
 Bolt of Magma            Conj/Fire/Erth #####.....   21%         5    ###....
 Call Canine Familiar     Summ           ###.....     22%         3    None
 Confuse                  Hex            ###.....     22%         3    None
 Summon Guardian Golem    Hex/Summ       ###.....     22%         3    None
 Tukima's Dance           Hex            ###.....     22%         3    None
 Ice Form                 Ice/Tmut       ####....     26%         4    None
 Summon Ice Beast         Ice/Summ       ####....     26%         4    None
 Petrify                  Tmut/Erth      ###.....     58%         4    None
 Iron Shot                Conj/Erth      #####.....   67%         6    #####..
 Blade Hands              Tmut           ###.......   90%         5    ###....
 Lee's Rapid Deconstruct  Erth           ###.......   90%         5    ###....
 Summon Mana Viper        Hex/Summ       ###.....     90%         5    ###....
 Orb of Destruction       Conj           ######....   41%         7    ######.
 Spellforged Servitor     Conj/Summ      #####.....   99%         7    ######.
 Summon Hydra             Summ           ###.......   100%        7    ######.
 Ignition                 Fire           #####.....   100%        8    #######
 Shatter                  Erth           ###.......   100%        9    #######
 Tornado                  Air            ######....   100%        9    #######


Dungeon Overview and Level Annotations

Branches:
Dungeon (15/15)            Temple (1/1) D:4            Lair (6/6) D:10
  Swamp (1/4) Lair:4       Spider (4/4) Lair:2        Slime (0/5) Lair:6
    Orc (2/2) D:9             Elf (0/3) Orc:2        Vaults (5/5) D:14
  Crypt (0/3) Vaults:3     Depths (1/5) D:15

Altars:
Ashenzari
Cheibriados
Dithmenos
Elyvilon
Fedhas
Gozag
Hepliaklqana
Kikubaaqudgha
Makhleb
Nemelex Xobeh
Okawaru
Qazlal
Ru
Sif Muna
Trog
Uskayaw
Vehumet
Wu Jian
Xom
Yredelemnul
Zin
The Shining One
Beogh
Jiyva

Shops:
D:7 :   D:8 (   D:11 [[   D:15 *   Orc:2 }*(}   Vaults:1 }   Vaults:4 *


Innate Abilities, Weirdness & Mutations

You are resistant to torment.
Your stone body is resilient. (AC +16)
You are immune to poison.
Your large and strong wings let you fly indefinitely.
You resist negative energy. (rN+)
You are resistant to electric shocks. (rElec)
You can survive without breathing.
You are immune to petrification.
You are immune to rotting.
Scrolls take you a little longer to read.
Your body sometimes deteriorates upon taking damage.
You are weak. (Str -2)


Message History

The yaktaur shoots a bolt.
You block the bolt.
The yaktaur shoots a bolt.
The bolt hits you but does no damage.
The vault sentinel blows a loud note on a signal horn!
You block the tentacled monstrosity's attack.
The tentacled monstrosity tentacle-slaps you but does no damage. x2
The tentacled monstrosity constricts you.
The quicksilver dragon is engulfed in blazing flames.
The quicksilver dragon bites you!
* * * LOW HITPOINT WARNING * * *
You block the quicksilver dragon's attack.
You hear a shout!
You sock the titan!
The titan is lightly wounded.
A mana viper comes into view.
The deep elf annihilator hits you but does no damage.
The titan hits you!
* * * LOW HITPOINT WARNING * * *
You feel more protected from physical attacks.
The stone giant throws a large rock.
The large rock hits you!!
You die...

# #.#....#C#
#S#.#....#.##
#.#.#.......##.
e............
#######T...(c...###
.......(C.§§.......
.......°X.§<.......
....(..(e@.c<...p..
........CD<☼.......
#######.○...c..####
..(............
...p.#....#p....
...(...#..^.#Z.###
#####..#....# p..
#..#e...# ...
#..#....# #..


You could see a tentacled monstrosity, a titan, a frost giant, a quicksilver
dragon, a stone giant, a yaktaur captain, a vault guard, a deep elf annihilator,
a deep troll, a vault sentinel, a deep elf high priest, a mana viper, 2 yaktaurs
and a necromancer.

Vanquished Creatures
  Saint Roka (Vaults:1)
  A tentacled monstrosity (Vaults:4)
  2 liches
  An ancient champion (Vaults:3)
  2 sphinxes
  A tengu reaver (Vaults:3)
  2 shadow dragons (Vaults:4)
  A storm dragon (Vaults:4)
  A fire giant (Vaults:4)
  A revenant (Vaults:3)
  A balrug (Gauntlet)
  4 ghost moths (Spider:4)
  16 vault wardens
  4 emperor scorpions
  6 ironheart preservers
  3 entropy weavers
  The ghost of Hatywr the Carver, a journeyman HOFi of Yredelemnul (D:13)
  4 stone giants
  The ghost of sour the Stickfighter, a journeyman FoFi of Makhleb (D:13)
  2 dire elephants (Lair:6)
  A minotaur (Gauntlet)
  2 deep elf annihilators
  Nessos (Lair:5)
  5 spark wasps
  Snorg (D:13)
  An ettin (Vaults:4)
  The ghost of straszyg the Blocker, a journeyman GrFi of Okawaru (D:13)
  A deep elf death mage (Vaults:3)
  A death ooze (Gauntlet)
  Josephine (Orc:2)
  The ghost of mpzz the Unseen, a journeyman SpEn of Makhleb (D:14)
  Erolcha (Orc:2)
  11 yaktaur captains
  A great orb of eyes (D:14)
  7 hydras
  Harold (Lair:1)
  27 vault guards
  2 ice dragons
  10 ogre magi
  A death yak (D:8)
  6 centaur warriors
  A dancing weapon (Lair:1)
  34 two-headed ogres
  The ghost of Renjy the Destroyer, a journeyman DsFE of Hepliaklqana (Lair:1)
  A catoblepas (Lair:6)
  2 death knights
  A queen ant (Lair:6)
  A deep troll shaman (Vaults:2)
  A tengu warrior (D:15)
  7 orc high priests
  Urug (D:11)
  5 deep elf knights
  A hell knight (Vaults:4)
  A skeletal warrior (Vaults:4)
  A shadow wraith (Vaults:3)
  9 wizards
  10 deep trolls
  A glowing orange brain (Vaults:3)
  An unseen horror (D:14)
  2 flayed ghosts
  2 deep elf archers
  4 harpies (Vaults:4)
  2 lindwurms (Lair:6)
  3 phantasmal warriors
  5 necromancers (D:14)
  12 ironbrand convokers
  14 orb spiders
  27 wolf spiders
  15 deep elf magi
  2 oklob plants (Lair:2)
  15 orc knights
  2 orc sorcerers
  4 manticores
  47 ugly things
  5 cyclopes
  2 moths of wrath
  4 black mambas (Lair:6)
  12 vault sentinels
  A naga mage (Vaults:3)
  2 torpor snails
  12 spiny frogs
  2 gargoyles
  4 centaur skeletons
  10 rime drakes
  9 komodo dragons
  48 yaktaurs
  A kobold demonologist (D:10)
  4 freezing wraiths
  24 demonic crawlers
  A yaktaur (shapeshifter) (Vaults:4)
  A tengu conjurer (D:15)
  8 trolls
  21 jumping spiders
  A merfolk (shapeshifter) (Vaults:4)
  A meliai (D:14)
  2 queen bees
  13 hornets
  24 blink frogs
  Prince Ribbit (Lair:1)
  11 polar bears
  4 raiju (Lair:6)
  23 hippogriffs
  A dream sheep (shapeshifter) (Vaults:4)
  A slime creature (Gauntlet)
  58 redbacks
  2 water elementals (D:13)
  13 tarantellas
  6 wyverns
  5 wraiths
  95 yaks
  6 basilisks
  4 vampire mosquitoes
  16 humans (D:14)
  A hungry ghost (D:14)
  A hog (shapeshifter) (Vaults:1)
  The ghost of Alannah the Skirmisher, an amateur GrMo (D:6)
  16 wargs
  2 acid dragons
  A soldier ant (shapeshifter) (Vaults:1)
  25 soldier ants
  13 water moccasins
  16 hell hounds (Lair:6)
  12 porcupines
  4 ice beasts
  60 orc warriors
  6 sky beasts
  An ice dragon simulacrum (Vaults:1)
  16 black bears
  An eye of draining (D:13)
  A necrophage (D:8)
  3 phantoms
  20 ogres
  13 centaurs
  21 wolves
  3 big kobolds
  9 crocodiles
  17 bullfrogs
  A wyvern zombie (D:13)
  A wyvern skeleton (D:14)
  2 scorpions
  52 killer bees
  3 human simulacra
  2 howler monkeys (D:7)
  2 vampire bats (D:3)
  A wight (D:10)
  8 electric eels
  5 crimson imps
  A centaur zombie (D:5)
  13 hounds
  A bullfrog zombie (D:13)
  A wyvern simulacrum (D:14)
  51 orc priests
  3 jellies
  31 orc wizards
  A bullfrog skeleton (D:9)
  A gnoll shaman (D:5)
  Natasha (thrice) (D:3)
  An iguana (D:9)
  5 hell rats (Lair:3)
  28 worker ants
  A hound skeleton (D:10)
  A worker ant zombie (D:5)
  A howler monkey zombie (D:5)
  10 adders
  5 gnolls
  2 howler monkey skeletons
  7 shadow imps
  An ooze (D:6)
  2 worms
  A dart slug (D:1)
  6 leopard geckos
  129 orcs
  A ball python (D:7)
  13 bats
  5 giant cockroaches
  10 goblins
  8 hobgoblins
  8 jackals
  20 kobolds
  7 quokkas
  2 frilled lizards
  2 leopard gecko skeletons
  8 rats
  A plant (D:10)
1562 creatures vanquished.

Vanquished Creatures (others)
  A deep elf knight (Vaults:4)
  3 orb spiders
  2 yaktaurs
  An ogre (Vaults:3)
  5 orcs
  A bush (Lair:6)
  34 fungi
  28 plants
75 creatures vanquished.

Grand Total: 1637 creatures vanquished

Notes
Turn   | Place    | Note
-------+----------+-------------------------------------------
     0 | D:1      | trolface1997 the Gargoyle Warper began the quest for the
                  | Orb.
     0 | D:1      | Reached XP level 1. HP: 12/12 MP: 3/3
    51 | D:1      | Reached XP level 2. HP: 15/18 MP: 5/5
   484 | D:1      | Reached XP level 3. HP: 22/22 MP: 6/6
  1478 | D:2      | Reached XP level 4. HP: 28/28 MP: 7/7
  1482 | D:2      | Learned a level 2 spell: Blink
  1485 | D:2      | Learned a level 2 spell: Shroud of Golubria
  1489 | D:2      | Learned a level 3 spell: Gell's Gravitas
  1692 | D:3      | Reached skill level 3 in Maces & Flails
  1750 | D:3      | Noticed Natasha
  1761 | D:3      | Killed Natasha
  1761 | D:3      | Reached XP level 5. HP: 25/32 MP: 8/8
  1852 | D:3      | Noticed Natasha
  1874 | D:3      | Killed Natasha
  2076 | D:3      | Noticed Natasha
  2091 | D:3      | Killed Natasha
  2091 | D:3      | Reached skill level 1 in Charms
  2845 | D:3      | Reached XP level 6. HP: 38/38 MP: 8/10
  3031 | D:4      | Found a radiant altar of Vehumet.
  3125 | D:4      | Found a shadowy altar of Dithmenos.
  3129 | D:4      | Noticed a phantom
  3392 | D:4      | Killed a phantom
  3532 | D:4      | Found a staircase to the Ecumenical Temple.
  3559 | Temple   | Entered the Ecumenical Temple
  3594 | Temple   | Became a worshipper of Qazlal Stormbringer
  3810 | D:5      | Entered Level 5 of the Dungeon
  3810 | D:5      | Noticed a sky beast
  4125 | D:5      | Reached XP level 7. HP: 29/44 MP: 11/11
  4134 | D:5      | Reached skill level 4 in Maces & Flails
  4709 | D:5      | Identified the cursed +3 long sword "Yshile Saewn" {slice,
                  | rElec rPois}
  4741 | D:5      | Reached skill level 5 in Fighting
  5132 | D:4      | Reached XP level 8. HP: 42/50 MP: 12/14
  5306 | D:5      | Reached skill level 5 in Maces & Flails
  5632 | D:6      | Found a runed translucent gate.
  5632 | D:6      | Identified the +2 trident of Regicide {elec, rElec Str-3
                  | Dex+2}
  5633 | D:6      | Found a runed translucent gate.
  5634 | D:6      | Found a runed translucent gate.
  5660 | D:6      | Noticed Alannah's ghost (amateur GrMo)
  5668 | D:6      | Found a roughly hewn altar of Beogh.
  6180 | D:6      | Reached * piety under Qazlal
  6180 | D:6      | Reached skill level 6 in Maces & Flails
  6180 | D:6      | Reached skill level 5 in Translocations
  6311 | D:6      | Reached XP level 9. HP: 56/56 MP: 15/15
  7071 | D:6      | HP: 2/57 [killer bee (7)]
  7532 | D:7      | Found Xoadeex's Book Emporium.
  7619 | D:7      | Reached skill level 7 in Maces & Flails
  7862 | D:8      | Found Xamaonih's Antique Weapon Shop.
  7891 | D:8      | Reached ** piety under Qazlal
  7950 | D:8      | Bought a runed flail for 143 gold pieces
  9003 | D:8      | Reached skill level 8 in Maces & Flails
  9025 | D:8      | Reached XP level 10. HP: 54/64 MP: 14/16
  9346 | D:8      | Reached skill level 1 in Evocations
  9654 | D:8      | Noticed a death yak
 10140 | D:8      | Found a shimmering altar of Xom.
 11301 | D:9      | Reached skill level 5 in Spellcasting
 11492 | D:9      | Found a staircase to the Orcish Mines.
 11667 | D:9      | Reached skill level 1 in Invocations
 12245 | D:9      | Reached *** piety under Qazlal
 12428 | D:9      | Reached skill level 9 in Maces & Flails
 12488 | D:9      | Reached XP level 11. HP: 60/68 MP: 10/19
 12752 | D:10     | Entered Level 10 of the Dungeon
 12802 | D:10     | Noticed a two-headed ogre
 12872 | D:9      | Noticed a two-headed ogre
 12884 | D:9      | Killed a two-headed ogre
 13121 | D:10     | Noticed a two-headed ogre
 13773 | D:10     | Reached skill level 10 in Maces & Flails
 13912 | D:10     | Killed a two-headed ogre
 13953 | D:9      | Killed a two-headed ogre
 14366 | D:10     | Reached skill level 11 in Maces & Flails
 14380 | D:10     | Reached **** piety under Qazlal
 14877 | D:10     | Found a staircase to the Lair.
 14928 | Lair:1   | Entered Level 1 of the Lair of Beasts
 15049 | Lair:1   | Noticed Harold
 15089 | Lair:1   | Killed Harold
 15090 | Lair:1   | Found a radiant altar of Vehumet.
 15347 | Lair:1   | Learned a level 3 spell: Lesser Beckoning
 15407 | Lair:1   | Noticed Prince Ribbit
 15439 | Lair:1   | Killed Prince Ribbit
 15693 | Lair:1   | Reached XP level 12. HP: 71/75 MP: 11/21
 15711 | Lair:1   | Reached skill level 12 in Maces & Flails
 16111 | Lair:1   | Got an encrusted cloak
 16118 | Lair:1   | Identified the cursed -2 cloak of the Forgotten Places
                  | {+Blink Str+4} (You found it on level 1 of the Lair of
                  | Beasts)
 16359 | Lair:1   | Found a runed translucent door.
 16359 | Lair:1   | Found a shimmering altar of Xom.
 16359 | Lair:1   | Noticed Renjy's ghost (journeyman DsFE)
 16901 | Lair:2   | Reached skill level 5 in Armour
 17193 | D:8      | Killed a death yak
 17486 | D:6      | Reached ***** piety under Qazlal
 17514 | D:6      | Killed Alannah's ghost
 18604 | Lair:2   | Found a hole to the Spider Nest.
 19088 | Lair:2   | Reached skill level 10 in Fighting
 19109 | Lair:2   | Reached skill level 5 in Dodging
 19203 | Lair:3   | Reached XP level 13. HP: 76/82 MP: 22/22
 19524 | Lair:3   | Reached skill level 13 in Maces & Flails
 20119 | Lair:3   | Learned a level 4 spell: Force Lance
 20756 | Lair:4   | Reached skill level 1 in Conjurations
 21335 | Lair:4   | Found a staircase to the Swamp.
 22458 | Swamp:1  | Entered Level 1 of the Swamp
 23146 | Lair:5   | Reached ****** piety under Qazlal
 23182 | Lair:5   | Reached skill level 5 in Conjurations
 23682 | Lair:6   | Entered Level 6 of the Lair of Beasts
 23682 | Lair:6   | Found a staircase to the Slime Pits.
 23682 | Lair:6   | Found a viscous altar of Jiyva.
 23691 | Lair:6   | Noticed an entropy weaver
 23706 | Lair:5   | Reached skill level 14 in Maces & Flails
 23898 | Lair:6   | Gained mutation: Your large and strong wings let you fly
                  | indefinitely. [Gargoyle growth]
 23898 | Lair:6   | Reached XP level 14. HP: 88/88 MP: 23/23
 23950 | Lair:5   | Reached skill level 10 in Armour
 24551 | Lair:6   | Noticed Nessos
 24597 | Lair:5   | Killed an entropy weaver
 24873 | Lair:6   | Noticed an entropy weaver
 24885 | Lair:5   | Killed Nessos
 24909 | Lair:6   | Killed an entropy weaver
 25779 | Lair:6   | Noticed a dire elephant
 25866 | Lair:6   | Killed a dire elephant
 26314 | Lair:6   | Got a warped scale mail
 26327 | Lair:6   | Identified the +4 scale mail of the Eternal Void {Str+2
                  | Int+4} (You found it on level 6 of the Lair of Beasts)
 26601 | Lair:6   | Learned a level 3 spell: Regeneration
 26737 | Lair:6   | Noticed a dire elephant
 26774 | Lair:6   | Killed a dire elephant
 26774 | Lair:6   | Reached skill level 1 in Necromancy
 26774 | Lair:6   | Reached XP level 15. HP: 34/94 MP: 25/27
 26894 | Lair:6   | Reached skill level 10 in Translocations
 27732 | Orc:1    | Entered Level 1 of the Orcish Mines
 28426 | Orc:2    | Entered Level 2 of the Orcish Mines
 28432 | Orc:2    | Noticed Josephine
 28449 | Orc:2    | Killed Josephine
 28453 | Orc:2    | Noticed Erolcha
 28649 | Orc:2    | Killed Erolcha
 28836 | Orc:2    | Found a staircase to the Elven Halls.
 29072 | Orc:2    | Found a roughly hewn altar of Beogh.
 29562 | Orc:2    | Found Ziv Diek's Antique Weapon Shoppe.
 29562 | Orc:2    | Found Zadd's Gadget Boutique.
 29624 | Orc:2    | Found Emaum's Gadget Shoppe.
 29624 | Orc:2    | Found Fasun's Assorted Antiques.
 29638 | Orc:2    | Bought a runed scarf for 160 gold pieces
 30346 | Spider:1 | Entered Level 1 of the Spider Nest
 30797 | Lair:2   | HP: 2/96 [spark wasp (4)]
 30805 | Lair:2   | HP: 2/96 [spark wasp (4)]
 30832 | Lair:2   | HP: 4/96 [spark wasp/living lightning (7)]
 31939 | Spider:2 | Reached skill level 1 in Crossbows
 32126 | Spider:2 | Noticed an emperor scorpion
 32174 | Spider:1 | Killed an emperor scorpion
 32253 | Spider:1 | Reached XP level 16. HP: 100/103 MP: 28/28
 33972 | Spider:3 | Reached skill level 5 in Invocations
 34108 | Spider:3 | Reached skill level 5 in Crossbows
 34256 | Spider:3 | Got a warped turquoise ring
 34279 | Spider:3 | Identified the ring "Vesah" {rN+ MR+ Int+4} (You found it
                  | on level 3 of the Spider Nest)
 34434 | Spider:3 | Found the +2 cloak of the Thief {+Fog Slay-2 SInv Stlth+}
 34608 | Spider:4 | Entered Level 4 of the Spider Nest
 35626 | Spider:4 | Learned a level 4 spell: Animate Dead
 35630 | Spider:4 | Learned a level 3 spell: Mephitic Cloud
 35637 | Spider:4 | Learned a level 6 spell: Freezing Cloud
 37710 | Spider:4 | Reached skill level 5 in Necromancy
 38814 | Spider:4 | Got a gossamer rune of Zot
 39327 | Lair:1   | Reached XP level 17. HP: 111/111 MP: 29/29
 39352 | Lair:1   | Killed Renjy's ghost
 39696 | D:11     | Noticed Urug
 39715 | D:11     | Killed Urug
 39730 | D:11     | Found Siledob's Antique Armour Boutique.
 39738 | D:11     | Bought glowing fire dragon scales for 1449 gold pieces
 40314 | D:11     | Found Zadali's Armour Shop.
 40319 | D:11     | Bought a +0 helmet of see invisible for 161 gold pieces
 40336 | D:11     | Bought a +1 pair of gloves of dexterity for 231 gold pieces
 40579 | D:12     | Got a brightly glowing flail
 40580 | D:12     | Identified the cursed +0 flail of the Onslaught {drain,
                  | *Contam rF+ rN+} (You found it on level 12 of the Dungeon)
 40676 | D:11     | Gained mutation: You are weak. (Str -2) [mutagenic glow]
 41243 | D:12     | Found a blossoming altar of Fedhas.
 41346 | D:12     | Got a coiled ivory ring
 41485 | D:13     | Noticed Snorg
 41502 | D:13     | Killed Snorg
 41673 | D:13     | Found a gate leading to a gauntlet.
 41692 | Gauntlet | Entered a Gauntlet
 41692 | Gauntlet | Found a transporter.
 41705 | Gauntlet | Found a transporter.
 41723 | Gauntlet | Found a transporter.
 41724 | Gauntlet | Found a transporter.
 41725 | Gauntlet | Found a large runed translucent door.
 41725 | Gauntlet | Found a large runed translucent door.
 41726 | Gauntlet | Found a large runed translucent door.
 41726 | Gauntlet | Found a large runed translucent door.
 41727 | Gauntlet | Found a large runed translucent door.
 41727 | Gauntlet | Found a large runed translucent door.
 41727 | Gauntlet | Found a runed translucent door.
 41727 | Gauntlet | Found a runed translucent door.
 41728 | Gauntlet | Found a large runed translucent door.
 41728 | Gauntlet | Found a large runed translucent door.
 41729 | Gauntlet | Found a large runed translucent door.
 41729 | Gauntlet | Found a large runed translucent door.
 41730 | Gauntlet | Found a large runed translucent door.
 41730 | Gauntlet | Found a large runed translucent door.
 41731 | Gauntlet | Found a runed translucent gate.
 41731 | Gauntlet | Found a runed translucent gate.
 41731 | Gauntlet | Found a runed translucent gate.
 41733 | Gauntlet | Found a transporter.
 41744 | Gauntlet | Found a large runed translucent door.
 41745 | Gauntlet | Found a large runed translucent door.
 41754 | Gauntlet | Found a large runed translucent door.
 41754 | Gauntlet | Found a large runed translucent door.
 41754 | Gauntlet | Found a transporter.
 41767 | Gauntlet | Found a transporter.
 41768 | Gauntlet | Found a transporter.
 41771 | Gauntlet | Found a transporter.
 41772 | Gauntlet | Found a transporter.
 41773 | Gauntlet | Found a transporter.
 41781 | Gauntlet | Found a transporter.
 41898 | Gauntlet | Got a bloodstained helmet
 41929 | Gauntlet | Identified the +1 helmet "Kothe" {Str+3} (You found it in a
                  | Gauntlet)
 41940 | Gauntlet | Identified the ring of Democracy {+Fly rPois rF+ Str-5}
                  | (You found it on level 12 of the Dungeon)
 42026 | Gauntlet | Got a pair of scorched gloves
 42037 | Gauntlet | Identified the cursed +0 pair of gloves of the Ladybird
                  | {rF+ MR+ rCorr Str+3} (You found it in a Gauntlet)
 42110 | Gauntlet | Identified the +5 scale mail of Youthful Indiscretion
                  | {rN++}
 42128 | Gauntlet | Reached skill level 10 in Conjurations
 42190 | D:13     | Found a runed translucent gate.
 42190 | D:13     | Found a runed translucent gate.
 42191 | D:13     | Found a runed translucent gate.
 42191 | D:13     | Noticed straszyg's ghost (journeyman GrFi)
 42192 | D:13     | Noticed Hatywr's ghost (journeyman HOFi)
 42361 | D:13     | Got a pair of polished boots
 42373 | D:13     | Identified the cursed +0 pair of boots of Indomitability
                  | {rPois rC+ Stlth+} (You found it on level 13 of the
                  | Dungeon)
 42939 | D:13     | Noticed sour's ghost (journeyman FoFi)
 42953 | D:13     | Killed straszyg's ghost
 42972 | D:13     | Killed Hatywr's ghost
 42985 | D:13     | Killed sour's ghost
 42991 | D:13     | Got a twisted hand axe
 43089 | D:14     | Identified the cursed +1 hand axe "Iduov" {flame, MR+ Str+2
                  | Dex+4 Stlth-} (You found it on level 13 of the Dungeon)
 43557 | D:14     | Found a gate to the Vaults.
 43718 | D:14     | Noticed mpzz's ghost (journeyman SpEn)
 43734 | D:14     | Found a transporter.
 43736 | D:14     | Found a transporter.
 43813 | D:14     | Found a roughly hewn altar of Beogh.
 43968 | D:14     | Reached skill level 1 in Shields
 44591 | D:14     | Killed mpzz's ghost
 44826 | D:15     | Entered Level 15 of the Dungeon
 45035 | D:15     | Reached XP level 18. HP: 116/116 MP: 30/30
 45195 | D:15     | Reached skill level 15 in Maces & Flails
 45277 | D:15     | Found a staircase to the Depths.
 45460 | D:15     | Found Toirun's Tempting Trifles.
 45468 | D:15     | Bought a book of the Tempests for 1120 gold pieces
 45527 | D:15     | Found a white marble altar of Elyvilon.
 45606 | Depths:1 | Entered Level 1 of the Depths
 45688 | D:15     | Reached skill level 1 in Air Magic
 46046 | Vaults:1 | Entered Level 1 of the Vaults
 46172 | Vaults:1 | Reached skill level 10 in Crossbows
 46469 | Vaults:1 | Found Weiga's Gadget Boutique.
 46623 | Vaults:1 | Noticed Saint Roka
 48014 | Vaults:1 | Reached skill level 1 in Ice Magic
 48431 | Vaults:1 | Found a roughly hewn altar of Beogh.
 48612 | Vaults:1 | Killed Saint Roka
 48612 | Vaults:1 | Reached skill level 16 in Maces & Flails
 48612 | Vaults:1 | Reached skill level 5 in Air Magic
 49553 | Vaults:2 | Reached skill level 5 in Ice Magic
 49812 | Vaults:2 | Reached skill level 1 in Poison Magic
 49821 | Vaults:2 | Reached XP level 19. HP: 121/121 MP: 21/31
 50017 | Vaults:2 | Reached skill level 5 in Charms
 51071 | Vaults:3 | Found a radiant altar of Vehumet.
 51284 | Vaults:3 | Reached skill level 5 in Poison Magic
 51325 | Vaults:3 | HP: 3/121 [sphinx (9)]
 51325 | Vaults:3 | HP: 1/121 [sphinx (2)]
 51612 | Vaults:3 | Identified the +4 trident of Massacring {pierce, Stlth+}
 51616 | Vaults:3 | Reached skill level 10 in Spellcasting
 51849 | Vaults:3 | Found a staircase to the Crypt.
 52034 | Vaults:3 | Learned a level 7 spell: Ring of Flames
 52432 | Vaults:4 | Reached skill level 1 in Fire Magic
 52626 | Vaults:4 | Reached XP level 20. HP: 113/127 MP: 28/34
 53597 | Vaults:4 | Reached skill level 5 in Fire Magic
 53872 | Vaults:4 | Found Catuosew's Assorted Antiques.
 53907 | Vaults:4 | Reached skill level 5 in Shields
 53940 | Vaults:4 | Bought a crude bone ring for 160 gold pieces
 53940 | Vaults:4 | Bought a scroll labeled MIOPNU AHUFUJ for 32 gold pieces
 53940 | Vaults:4 | Bought a scroll of identify for 64 gold pieces
 53940 | Vaults:4 | Bought a scroll of enchant armour for 240 gold pieces
 53974 | Vaults:4 | Identified the ring "Minoc" {rF- rC+ AC+1 Stlth+} (You
                  | bought it in a shop on level 4 of the Vaults)
 54639 | Vaults:5 | Entered Level 5 of the Vaults
 54936 | Vaults:4 | Reached XP level 21. HP: 87/132 MP: 32/36
 54939 | Vaults:4 | Gained mutation: Scrolls take you a little longer to read.
                  | [a shining eye]
 54943 | Vaults:4 | Gained mutation: Your body sometimes deteriorates upon
                  | taking damage. [a shining eye]
 55385 | Vaults:5 | Hit by a large rock thrown by a stone giant

Skill      XL: |  1  2  3  4  5  6  7  8  9 10 11 12 13 14 15 16 17 18 19 20 21 |
---------------+----------------------------------------------------------------+-----
Dodging        | 2 5 |  5.0
Armour         | 2 3 6 9 10 | 10.0
Fighting       | 3 4 5 6 8 10 11 12 14 | 14.0
Maces & Flails | 3 4 6 8 9 11 12 14 16 | 16.0
Translocations | 3 4 5 7 8 9 12 | 12.0
Charms         | 1 2 4 8 |  8.0
Spellcasting   | 3 4 5 6 8 10 11 | 11.8
Evocations     | 2 |  2.3
Invocations    | 2 4 6 |  6.0
Conjurations   | 5 8 9 10 12 | 12.0
Necromancy     | 1 4 5 7 8 |  8.0
Crossbows      | 2 7 9 10 | 10.0
Shields        | 3 4 6 7 |  7.3
Air Magic      | 5 7 8 |  8.0
Ice Magic      | 5 |  5.1
Poison Magic   | 1 5 |  5.0
Fire Magic     | 2 5 |  5.0
Throwing       | |  0.8

Action                   |  1- 3 |  4- 6 |  7- 9 | 10-12 | 13-15 | 16-18 | 19-21 || total
-------------------------+-------+-------+-------+-------+-------+-------+-------++-------
Melee: Mace              |   138 |   279 |    78 |       |       |       |       ||   495
       Flail             |       |       |   530 |  1084 |  2296 |  1278 |       ||  5188
       Eveningstar       |       |       |       |       |       |  1281 |  1287 ||  2568
 Fire: Hand crossbow     |       |       |       |       |     1 |    14 |       ||    15
 Cast: Gell's Gravitas   |       |     1 |     6 |    34 |    55 |    26 |     9 ||   131
       Shroud of Golubri |       |       |     9 |    18 |    45 |    40 |    16 ||   128
       Blink             |       |       |     4 |    15 |    17 |    13 |     5 ||    54
       Lesser Beckoning  |       |       |       |     1 |    15 |    21 |    16 ||    53
       Regeneration      |       |       |       |       |    16 |    35 |    23 ||    74
       Animate Dead      |       |       |       |       |       |     5 |     1 ||     6
       Force Lance       |       |       |       |       |       |     4 |     4 ||     8
 Abil: Evoke Blink       |       |       |       |     1 |       |       |       ||     1
  Use: Scroll            |       |       |    11 |    11 |     7 |     7 |    11 ||    47
       Potion            |       |       |     2 |     1 |     5 |     1 |     1 ||    10
  Eat: Chunk             |     1 |     6 |    12 |    29 |    32 |    12 |     8 ||   100
       Ration            |       |     1 |     2 |     2 |     5 |    15 |     4 ||    29
Armor: Leather armour    |    44 |       |       |       |       |       |       ||    44
       Ring mail         |    14 |   170 |   359 |    73 |       |       |       ||   616
       Scale mail        |       |       |       |   453 |  1596 |  1879 |   599 ||  4527
Dodge: Dodged            |    95 |   241 |   426 |   536 |  1225 |  1243 |   408 ||  4174
       Deflected         |       |       |       |     3 |    28 |    37 |    44 ||   112
Block: Other             |       |       |    35 |   197 |   926 |   743 |       ||  1901
       Buckler           |       |       |       |       |       |   496 |   797 ||  1293
